 Dungeon Crawl Stone Soup version 0.25.0-1-g7eea58d (webtiles) character file.

Game seed: 10381405415993599673

596 Buxparty the Poker (level 7, -7/55 HPs)
             Began as a Demonspawn Gladiator on June 28, 2020.
             Was an Initiate of Dithmenos.
             Splashed by a jelly's acid (8 damage)
             ... on level 6 of the Dungeon.
             The game lasted 00:09:07 (4886 turns).

Buxparty the Poker (Demonspawn Gladiator)           Turns: 4886, Time: 00:09:08

Health: -7/55      AC: -12   Str: 17    XL:     7   Next: 17%
Magic:  7/7        EV: 15    Int:  9    God:    Dithmenos [......]
Gold:   146        SH:  0    Dex: 18    Spells: 6/6 levels left

rFire    . . .     SeeInvis .   n - +1 trident (freeze)
rCold    . . .     Gourm    .   (no shield)
rNeg     . . .     Faith    .   b - +0 leather armour
rPois    .         Spirit   .   c - +0 helmet
rElec    .         Reflect  .   e - scarf {harm}
rCorr    .         Harm     .   (no gloves)
MR       .....                  (no boots)
Stlth    ++++......             (no amulet)
HPRegen  0.18/turn              (no ring)
MPRegen  0.10/turn              (no ring)

@: corroded
A: claws 1, thin skeletal structure 2, nightstalker 1, rot immunity
a: Renounce Religion


You were on level 6 of the Dungeon.
You worshipped Dithmenos.
Dithmenos was noncommittal.
You were not hungry.

You visited 1 branch of the dungeon, and saw 6 of its levels.

You collected 146 gold pieces.

Inventory:

Hand Weapons
 a - a +0 trident
 l - a +0 vampiric spear
 n - a +1 trident of freezing (weapon)
Missiles
 d - 3 throwing nets (quivered)
Armour
 b - a +0 leather armour (worn)
 c - a +0 helmet (worn)
 e - a scarf of harm (worn)
Wands
 h - a wand of polymorph (1)
 t - a wand of flame (16)
Scrolls
 g - 5 scrolls of remove curse {unknown}
 i - 7 scrolls of identify {unknown}
 m - a scroll of random uselessness {unknown}
 o - a scroll of blinking {unknown}
Potions
 j - a potion of degeneration {unknown}
 k - 2 potions of brilliance {unknown}
 p - a potion of cancellation {unknown}
 q - 2 potions of curing {unknown}
 r - 2 potions of heal wounds {unknown}
 u - a potion of haste {unknown}
Comestibles
 f - 7 rations


   Skills:
 + Level 4.7 Fighting
 + Level 4.8 Polearms
 - Level 1.7 Throwing
 + Level 4.7 Dodging
 + Level 1.3 Stealth


You had 6 spell levels left.
You didn't know any spells.
Your spell library contained the following spells:

 Spells                   Type           Power        Failure   Level  Hunger
 Magic Dart               Conj           #...         45%         1    ##.....
 Blink                    Tloc           N/A          58%         2    ###....
 Call Imp                 Summ           #.......     58%         2    ###....
 Slow                     Hex            #.......     58%         2    ###....
 Conjure Flame            Conj/Fire      #.......     83%         3    ####...
 Mephitic Cloud           Conj/Pois/Air  #.......     83%         3    ####...


Dungeon Overview and Level Annotations

Branches:
Dungeon (6/15)
 Temple: D:4-7

Altars:
Ashenzari
Dithmenos
Elyvilon
Fedhas
Kikubaaqudgha
Makhleb
Sif Muna
Zin
The Shining One


Innate Abilities, Weirdness & Mutations

You have sharp fingernails.
You have a moderately thin skeletal structure. (Dex +4, Stealth+)
You are slightly more attuned to the shadows.
You are immune to rotting.


Message History

* * * LOW HITPOINT WARNING * * *
You hit the jelly but do no damage. The acid corrodes you!
Your claws burn!
* * * LOW HITPOINT WARNING * * *
The jelly is lightly wounded.
The crimson imp closely misses you. The jelly completely misses you.
You hit the jelly. You freeze the jelly.
Your claws burn!
* * * LOW HITPOINT WARNING * * *
The jelly is moderately wounded.
The crimson imp hits you.
* * * LOW HITPOINT WARNING * * *
The jelly misses you.
You hit the jelly. You freeze the jelly.
Your claws burn!
* * * LOW HITPOINT WARNING * * *
The jelly is heavily wounded.
The crimson imp hits you.
* * * LOW HITPOINT WARNING * * *
The jelly hits you.
* * * LOW HITPOINT WARNING * * *
The acid corrodes you!
You are splashed with acid!
You die...

##.......
##........
##.........
##..........
##....<......
##.....J5.....
###......@#
#....[.†.###..
#.............
##............
##............
#...#.........
#..##.........
##..##.###P##..
#..##### _._


You could see a jelly and a crimson imp.

Vanquished Creatures
  A bullfrog (D:3)
  A scorpion (D:4)
  A crimson imp (D:5)
  A bullfrog skeleton (D:4)
  Ijyb (D:3)
  2 iguanas
  4 worker ants
  A hound zombie (D:5)
  3 hound skeletons
  A worker ant zombie (D:5)
  9 adders
  2 adder skeletons
  3 dart slugs
  3 leopard geckos
  6 orcs
  A ball python (D:1)
  6 giant cockroaches
  14 goblins
  3 hobgoblins (D:1)
  8 jackals
  3 quokkas
  11 bats
  4 frilled lizards
  6 kobolds
  A quokka skeleton (D:3)
  A quokka zombie (D:5)
  5 rats
102 creatures vanquished.

Notes
Turn   | Place    | Note
-------+----------+-------------------------------------------
     0 | D:1      | Buxparty the Demonspawn Gladiator began the quest for the
                  | Orb.
     0 | D:1      | Reached XP level 1. HP: 16/16 MP: 1/1
   136 | D:1      | Gained mutation: You have a somewhat thin skeletal
                  | structure. (Dex +2, Stealth) [demonic ancestry]
   136 | D:1      | Reached XP level 2. HP: 15/22 MP: 2/2
   656 | D:1      | Gained mutation: You have a moderately thin skeletal
                  | structure. (Dex +4, Stealth+) [demonic ancestry]
   656 | D:1      | Reached XP level 3. HP: 28/28 MP: 3/3
  1044 | D:2      | Found a shattered altar of Ashenzari.
  1558 | D:3      | Gained mutation: You are immune to rotting. [demonic
                  | ancestry]
  1558 | D:3      | Reached XP level 4. HP: 23/34 MP: 4/4
  1656 | D:3      | Found a faded altar of an unknown god.
  1784 | D:3      | Noticed Ijyb
  1854 | D:3      | Killed Ijyb
  2115 | D:3      | Reached XP level 5. HP: 26/41 MP: 5/5
  2319 | D:3      | Found a blossoming altar of Fedhas.
  2838 | D:4      | Gained mutation: You are slightly more attuned to the
                  | shadows. [demonic ancestry]
  2838 | D:4      | Reached XP level 6. HP: 27/48 MP: 6/6
  3326 | D:4      | Found a burning altar of Makhleb.
  3444 | D:4      | Found a faded altar of an unknown god.
  3448 | D:4      | Found a faded altar of an unknown god.
  3450 | D:4      | Found a glowing golden altar of the Shining One.
  3451 | D:4      | Found a glowing silver altar of Zin.
  3454 | D:4      | Found an ancient bone altar of Kikubaaqudgha.
  3769 | D:5      | Entered Level 5 of the Dungeon
  3815 | D:5      | Found a shadowy altar of Dithmenos.
  3836 | D:5      | Became a worshipper of Dithmenos the Shadowed
  4460 | D:5      | Gained mutation: You have sharp fingernails. [demonic
                  | ancestry]
  4460 | D:5      | Reached XP level 7. HP: 55/55 MP: 7/7
  4475 | D:5      | Reached skill level 1 in Stealth
  4870 | D:6      | Found a white marble altar of Elyvilon.
  4870 | D:6      | Found a shimmering blue altar of Sif Muna.
  4886 | D:6      | HP: 1/55 [jelly (2)]
  4886 | D:6      | Splashed by a jelly's acid

Illustrated notes

Levels and vault maps discovered:
D:1:      matt_arrival_spirals, layout_basic, serial_bayou_lagoon_a,
          serial_bayou_lagoon_b
D:2:      layout_rooms, lemuel_crystal_altar, first_ration
D:3:      layout_basic, fedhas_altar_4, chequers_ecumenical_altar_simple,
          uniq_ijyb
D:4:      layout_gridville, chequers_temple_overflow_minitemple,
          kennysheep_mini_moat
D:5:      layout_loops_corners, nicolae_dithmenos_through_a_glass_darkly
D:6:      layout_layer_cave, gammafunk_temple_overflow_forgotten,
          cheibriados_altar_1

Skill      XL: |  1  2  3  4  5  6  7 |
---------------+----------------------+-----
Polearms       | 3 4 |  4.8
Dodging        | 3 4 |  4.7
Fighting       | 3 4 |  4.7
Stealth        | 1 |  1.3
Throwing       | |  1.7

Action                   |  1- 3 |  4- 6 |  7- 9 || total
-------------------------+-------+-------+-------++-------
Melee: Trident           |    93 |   160 |    28 ||   281
       Spear             |    19 |    61 |       ||    80
       Unarmed           |       |    16 |       ||    16
 Stab: Sleeping          |     5 |    17 |     1 ||    23
  Eat: Chunk             |     2 |     9 |     2 ||    13
Armor: Leather armour    |    28 |    45 |     1 ||    74
Dodge: Dodged            |    84 |   142 |    18 ||   244
